Phantoms vs Stars
Created - Friday, January 17, 2025 at 22:08
Goals
|
Phantoms |
1 |
1 |
2 |
4 |
Stars |
3 |
1 |
1 |
5 |
|
Shots
|
Phantoms |
12 |
3 |
14 |
29 |
Stars |
5 |
14 |
11 |
30 |
|
1st period
1. Stars , Bradley Marek 17 (Luke Philp 16, Mark Rassell 12) at 2:04
2. Phantoms , Justin Bailey 7 (Fredrik Karlstrom 20, Reilly Walsh 16) at 15:48
3. Stars , Brett Murray 15 (Reese Johnson 24) at 15:58
4. Stars , Brett Murray 16 (Reese Johnson 25) at 18:22
Penalties :
Frederic Brunet (TEX) for Delaying the game (Minor) at 6:40
2nd period
5. Stars , Luke Philp 8 (Shawn Element 17, Mark Rassell 13) at 2:41
6. Phantoms , Matej Blumel 32 (Ville Heinola 4) at 2:54
Penalties :
Robert Hagg (LEH) for Roughing (Minor) at 0:25, Matt Rempe (LEH) for Roughing (Minor) at 3:16, Robert Hagg (LEH) for Boarding (Minor) at 3:37, Leon Gawanke (LEH) for Hooking (Minor) at 10:01, Justin Kirkland (LEH) for Tripping (Minor) at 14:51, Simon Lundmark (LEH) for Slashing (Minor) at 15:16, Tobie Bisson (TEX) for Slashing (Minor) at 19:04
3rd period
7. Stars , Luke Philp 9 (Shawn Element 18, Bradley Marek 22) at 4:26
8. Phantoms , Justin Kirkland 5 (Matej Blumel 19, Oskar Back 32) at 11:57
9. Phantoms , Oskar Back 8 (Justin Kirkland 6, Simon Lundmark 15) at 13:00
Penalties :
Ville Heinola (LEH) for Tripping (Minor) at 1:34, FarmGoal5 (LEH) for Slashing (Minor) at 4:53 - Matt Rempe served the penalty., Oskar Back (LEH) for Interference (Minor) at 5:26, Shawn Element (TEX) for Tripping (Minor) at 9:49, Tobie Bisson (TEX) for Roughing (Minor) at 14:07, Matej Blumel (LEH) for Roughing (Double Minor) at 19:57
Goalie Stats
FarmGoal5 (LEH), 21 saves from 22 shots - (0.955), L, 2-10-1, 36:53 minutes
Matt Villalta (LEH), 4 saves from 8 shots - (0.500), 22:41 minutes
FarmGoal6 (TEX), 25 saves from 29 shots - (0.862), W, 4-17-1, 60:00 minutes
Players Stats for Phantoms
Player Name G A P +/- PIM S H SB GA TA FO MP PP MP PK MP
------------------------------------------------------------------------------------
Bokondji Imama 0 0 0 1 0 0 0 0 0 0 0/0 9:21 0:00 0:00
Dryden Hunt 0 0 0 -3 0 4 1 0 0 0 0/0 18:28 4:39 0:00
Fredrik Karlstrom 0 1 1 1 0 1 1 0 0 0 11/20 22:19 4:39 7:51
Jansen Harkins 0 0 0 -3 0 4 0 0 0 0 0/0 18:51 3:17 2:31
Jermaine Loewen 0 0 0 0 0 0 0 0 0 0 0/0 0:18 0:00 0:00
Jonathan Aspirot 0 0 0 1 0 1 0 2 0 0 0/0 14:25 0:25 0:00
Justin Bailey 1 0 1 1 0 1 0 0 0 0 0/0 1:54 0:00 0:00
Justin Kirkland 1 1 2 1 2 1 1 0 0 0 1/1 14:39 0:00 0:00
Leon Gawanke 0 0 0 -2 2 0 2 4 0 0 0/0 21:02 3:31 6:02
Mac Hollowell 0 0 0 0 0 0 0 0 0 0 0/0 1:51 0:00 1:48
Matej Blumel 1 1 2 1 4 5 0 1 0 0 0/0 17:07 0:00 0:58
Matt Rempe 0 0 0 0 2 0 3 0 0 0 7/10 18:39 3:17 3:06
Oskar Back 1 1 2 1 2 3 3 0 0 0 18/34 23:11 4:39 4:20
Reilly Walsh 0 1 1 0 0 3 1 0 0 0 0/0 24:18 4:25 6:34
Robert Hagg 0 0 0 0 4 0 1 1 0 0 0/0 21:52 4:00 4:34
Ruslan Iskhakov 0 0 0 -3 0 1 0 0 0 0 14/18 17:16 3:17 3:05
Simon Lundmark 0 1 1 -2 2 1 6 0 0 0 0/0 19:41 3:31 4:40
Ville Heinola 0 1 1 1 2 4 0 1 0 0 0/0 16:46 0:00 2:50
Players Stats for Stars
Player Name G A P +/- PIM S H SB GA TA FO MP PP MP PK MP
------------------------------------------------------------------------------------
Alexander True 0 0 0 0 0 0 0 0 0 0 0/0 0:00 0:00 0:00
Bradley Marek 1 1 2 1 0 4 5 0 0 0 6/13 22:05 6:53 3:22
Brandon Duhaime 0 0 0 -1 0 3 1 0 0 0 0/2 21:15 5:24 0:54
Brett Murray 2 0 2 1 0 2 0 0 0 0 0/0 11:08 0:00 0:00
Carson Golder 0 0 0 -1 0 2 0 0 0 0 9/19 18:25 5:57 0:18
Chad Nychuk 0 0 0 0 0 0 3 0 0 0 0/0 20:45 5:50 2:59
Cody Haiskanen 0 0 0 0 0 3 1 1 0 0 0/0 21:37 5:38 3:04
Colin Theisen 0 0 0 0 0 0 0 0 0 0 0/0 2:40 0:00 0:58
Farm Player 109 0 0 0 1 0 0 1 0 0 0 0/2 20:32 6:11 3:35
Farm Player 11 0 0 0 2 0 0 0 0 0 0 3/4 17:22 2:54 2:13
Frederic Brunet 0 0 0 0 2 1 1 3 0 0 1/2 22:33 5:48 3:24
Grant Cruikshank 0 0 0 0 0 3 1 0 0 0 0/2 5:45 1:36 0:00
Luke Philp 2 1 3 1 0 3 0 0 0 0 3/8 14:01 0:02 1:24
Mark Rassell 0 2 2 0 0 1 3 0 0 0 0/0 12:04 0:00 0:00
Reese Johnson 0 2 2 1 0 2 6 0 0 0 8/26 22:05 6:22 4:35
Shawn Element 0 2 2 2 2 1 1 0 0 0 2/5 21:51 6:53 1:12
Tobie Bisson 0 0 0 -1 4 3 1 0 0 0 0/0 21:38 6:03 2:17
Vinnie Hinostroza 0 0 0 -1 0 2 0 0 0 0 0/0 16:14 0:44 1:29
3 Stars
1 - Luke Philp (TEX)
2 - Bradley Marek (TEX)
3 - Brett Murray (TEX)
Power Play
Phantoms - 0 on 4 Attempt(s) - 0.00%
Stars - 0 on 11 Attempt(s) - 0.00%
Penalty Kill
Phantoms - 11 on 11 Attempt(s) - 100.00%
- Score 0 goal in Penalty Kill
Stars - 4 on 4 Attempt(s) - 100.00%
- Score 0 goal in Penalty Kill
Team Stat
Phantoms - Hits : 19 - Faceoff Wins : 51 - Blocked Shots : 9 - Penalty Minutes : 22
Stars - Hits : 24 - Faceoff Wins : 32 - Blocked Shots : 4 - Penalty Minutes : 8
Official
Referees : Graham Skilliter and Morgan Macphee
Linesman : Ryan Galloway and Jonathan Deschamps
Game Notes
FarmGoal5 enters game at 2:41 of 2nd period
Finance
Level 1 -- Attendance: 1872 (93.60%) -- Ticket Income $65,520
Level 2 -- Attendance: 894 (89.40%) -- Ticket Income $13,410
Total Attendance: 2766 (92.20%)
Total Ticket Income: $78,930
Other Income: $38,676
Total Income: $117,606
Phantoms
5 vs 5 Forward
Center Left Wing Right Wing Time % Phy DF OF
1 Oskar Back Matej Blumel Justin Kirkland 25 1 2 2
2 Ruslan Iskhakov Jansen Harkins Dryden Hunt 25 1 2 2
3 Fredrik Karlstrom Bokondji Imama Matt Rempe 25 1 2 2
4 Matt Rempe Dryden Hunt Jansen Harkins 25 1 2 2
5 vs 5 Defense
Defense Defense Time % Phy DF OF
1 Robert Hagg Reilly Walsh 25 1 2 2
2 Leon Gawanke Simon Lundmark 25 1 2 2
3 Jonathan Aspirot Ville Heinola 25 1 2 2
4 Reilly Walsh Robert Hagg 25 1 2 2
PowerPlay Forward
Center Left Wing Right Wing Time % Phy DF OF
1 Oskar Back Dryden Hunt Fredrik Karlstrom 60 1 2 2
2 Ruslan Iskhakov Jansen Harkins Matt Rempe 40 1 2 2
PowerPlay Defense
Defense Defense Time % Phy DF OF
1 Robert Hagg Reilly Walsh 60 1 2 2
2 Leon Gawanke Simon Lundmark 40 1 2 2
Penalty Kill 4 Players Forward
Center Wing Time % Phy DF OF
1 Oskar Back Fredrik Karlstrom 60 1 2 2
2 Matt Rempe Jansen Harkins 40 1 2 2
Penalty Kill 4 Players Defense
Defense Defense Time % Phy DF OF
1 Robert Hagg Reilly Walsh 60 1 2 2
2 Leon Gawanke Simon Lundmark 40 1 2 2
Penalty Kill - 3 Players Forward
Forward Time % Phy DF OF
1 Fredrik Karlstrom 60 1 2 2
2 Oskar Back 40 1 2 2
Penalty Kill - 3 Players Defense
Defense Defense Time % Phy DF OF
1 Robert Hagg Reilly Walsh 60 1 2 2
2 Leon Gawanke Simon Lundmark 40 1 2 2
4 vs 4 Forward
Center Wing Time % Phy DF OF
1 Oskar Back Fredrik Karlstrom 60 1 2 2
2 Dryden Hunt Jansen Harkins 40 1 2 2
4 vs 4 Defense
Defense Defense Time % Phy DF OF
1 Robert Hagg Reilly Walsh 60 1 2 2
2 Leon Gawanke Simon Lundmark 40 1 2 2
Last Minutes Offensive
Center Left Wing Right Wing Defense Defense
Oskar Back Matej Blumel Dryden Hunt Robert Hagg Reilly Walsh
Last Minutes Defensive
Center Left Wing Right Wing Defense Defense
Oskar Back Matej Blumel Dryden Hunt Robert Hagg Reilly Walsh
Goaltenders
Starting : Matt Villalta
Backup : FarmGoal5
Extra Forwards
Normal : Fredrik Karlstrom, Oskar Back, Matt Rempe - PP : Fredrik Karlstrom, Oskar Back - PK : Matt Rempe
Extra Defensemen
Normal : Jonathan Aspirot, Ville Heinola, Robert Hagg - PP : Jonathan Aspirot - PK : Ville Heinola, Robert Hagg
Penalty Shots
Fredrik Karlstrom, Dryden Hunt, Matt Rempe, Jansen Harkins, Oskar Back
Custom OT Lines Forwards
Jermaine Loewen, Dryden Hunt, Matej Blumel, Jansen Harkins, Oskar Back, Ruslan Iskhakov, Fredrik Karlstrom, Justin Kirkland, Matt Rempe, Bokondji Imama
Custom OT Lines Defensemen
Robert Hagg, Reilly Walsh, Leon Gawanke, Simon Lundmark, Jonathan Aspirot
Scratches
Farm Player 117 (Healthy), Farm Player 118 (Healthy), Alexis Gendron (Healthy), Mason Millman (Healthy)
Stars
5 vs 5 Forward
Center Left Wing Right Wing Time % Phy DF OF
1 Reese Johnson Brett Murray Farm Player 109 25 1 2 2
2 Carson Golder Brandon Duhaime Vinnie Hinostroza 25 1 2 2
3 Luke Philp Mark Rassell Bradley Marek 25 1 2 2
4 Shawn Element Bradley Marek Brandon Duhaime 25 1 2 2
5 vs 5 Defense
Defense Defense Time % Phy DF OF
1 Tobie Bisson Frederic Brunet 25 1 2 2
2 Chad Nychuk Cody Haiskanen 25 1 2 2
3 Farm Player 11 Shawn Element 25 1 2 2
4 Tobie Bisson Frederic Brunet 25 1 2 2
PowerPlay Forward
Center Left Wing Right Wing Time % Phy DF OF
1 Reese Johnson Brandon Duhaime Farm Player 109 60 1 2 2
2 Carson Golder Bradley Marek Shawn Element 40 1 2 2
PowerPlay Defense
Defense Defense Time % Phy DF OF
1 Tobie Bisson Frederic Brunet 60 1 2 2
2 Chad Nychuk Cody Haiskanen 40 1 2 2
Penalty Kill 4 Players Forward
Center Wing Time % Phy DF OF
1 Bradley Marek Reese Johnson 60 1 2 2
2 Farm Player 109 Shawn Element 40 1 2 2
Penalty Kill 4 Players Defense
Defense Defense Time % Phy DF OF
1 Tobie Bisson Frederic Brunet 60 1 2 2
2 Cody Haiskanen Chad Nychuk 40 1 2 2
Penalty Kill - 3 Players Forward
Forward Time % Phy DF OF
1 Bradley Marek 60 1 2 2
2 Reese Johnson 40 1 2 2
Penalty Kill - 3 Players Defense
Defense Defense Time % Phy DF OF
1 Tobie Bisson Frederic Brunet 60 1 2 2
2 Farm Player 109 Cody Haiskanen 40 1 2 2
4 vs 4 Forward
Center Wing Time % Phy DF OF
1 Shawn Element Reese Johnson 60 1 2 2
2 Farm Player 109 Bradley Marek 40 1 2 2
4 vs 4 Defense
Defense Defense Time % Phy DF OF
1 Tobie Bisson Frederic Brunet 60 1 2 2
2 Chad Nychuk Cody Haiskanen 40 1 2 2
Last Minutes Offensive
Center Left Wing Right Wing Defense Defense
Reese Johnson Brandon Duhaime Farm Player 109 Tobie Bisson Frederic Brunet
Last Minutes Defensive
Center Left Wing Right Wing Defense Defense
Reese Johnson Brandon Duhaime Farm Player 109 Tobie Bisson Frederic Brunet
Goaltenders
Starting : FarmGoal6
Backup : Nikita Tolopilo
Extra Forwards
Normal : Carson Golder, Grant Cruikshank, Frederic Brunet - PP : Carson Golder, Grant Cruikshank - PK : Frederic Brunet
Extra Defensemen
Normal : Tobie Bisson, Farm Player 109, Frederic Brunet - PP : Frederic Brunet - PK : Farm Player 109, Frederic Brunet
Penalty Shots
Carson Golder, Reese Johnson, Farm Player 109, Bradley Marek, Frederic Brunet
Custom OT Lines Forwards
Brandon Duhaime, Reese Johnson, Farm Player 109, Grant Cruikshank, Frederic Brunet, Luke Philp, Mark Rassell, Bradley Marek, Shawn Element, Carson Golder
Custom OT Lines Defensemen
Tobie Bisson, Frederic Brunet, Farm Player 109, Chad Nychuk, Cody Haiskanen
Scratches
FarmPlay2 (Healthy), Graham McPhee (Healthy), Patrick Guay (Healthy), Roman Kinal (Healthy)
% Time on Ice - Phantoms
Lines # - Real PCT - Wanted PCT - Time Play
Normal Forward
1 - 40% - 25% - 15:08
2 - 25% - 25% - 9:27
3 - 24% - 25% - 9:21
4 - 11% - 25% - 4:22
Normal Defense
1 - 15% - 25% - 5:49
2 - 30% - 25% - 11:30
3 - 35% - 25% - 13:29
4 - 20% - 25% - 7:30
PP Forward
1 - 59% - 60% - 4:39
2 - 41% - 40% - 3:17
PP Defense
1 - 56% - 60% - 4:25
2 - 44% - 40% - 3:31
PK Forward
1 - 71% - 60% - 6:06
2 - 29% - 40% - 2:31
PK Defense
1 - 58% - 60% - 4:58
2 - 42% - 40% - 3:39
PK3 Forward
1 - 72% - 60% - 3:19
2 - 28% - 40% - 1:19
PK3 Defense
1 - 54% - 60% - 2:29
2 - 46% - 40% - 2:09
44 Forward
1 - 0% - 60%
2 - 0% - 40%
44 Defense
1 - 0% - 60%
2 - 0% - 40%
Last Minute Offensive - 0:31
Last Minute Defensive - 0:00
Total
Forward - 60:00
Defense - 60:00
|
% Time on Ice - Stars
Lines # - Real PCT - Wanted PCT - Time Play
Normal Forward
1 - 29% - 25% - 11:08
2 - 31% - 25% - 12:10
3 - 31% - 25% - 12:04
4 - 9% - 25% - 3:27
Normal Defense
1 - 20% - 25% - 7:35
2 - 30% - 25% - 11:42
3 - 32% - 25% - 12:18
4 - 19% - 25% - 7:14
PP Forward
1 - 48% - 60% - 6:22
2 - 52% - 40% - 6:53
PP Defense
1 - 54% - 60% - 7:12
2 - 46% - 40% - 6:03
PK Forward
1 - 82% - 60% - 6:29
2 - 18% - 40% - 1:27
PK Defense
1 - 74% - 60% - 5:50
2 - 26% - 40% - 2:06
PK3 Forward
1 - 0% - 60%
2 - 0% - 40%
PK3 Defense
1 - 0% - 60%
2 - 0% - 40%
44 Forward
1 - 0% - 60%
2 - 0% - 40%
44 Defense
1 - 0% - 60%
2 - 0% - 40%
Last Minute Offensive - 0:00
Last Minute Defensive - 0:00
Total
Forward - 60:00
Defense - 60:00
|
Play-by-Play
1st period
0:01 of 1st period - Oskar Back wins face-off versus Reese Johnson in neutral zone.
0:50 of 1st period - Shot by Dryden Hunt.
0:50 of 1st period - Stopped by FarmGoal6 without a rebound.
0:51 of 1st period - Fredrik Karlstrom wins face-off versus Carson Golder in Stars zone.
1:05 of 1st period - Fredrik Karlstrom is hit by Cody Haiskanen and loses puck.
1:17 of 1st period - Bokondji Imama is hit by Chad Nychuk and loses puck.
2:02 of 1st period - Shot by Luke Philp.
2:02 of 1st period - Shot Misses the Net.
2:04 of 1st period - Shot by Bradley Marek.
2:04 of 1st period - Goal by Bradley Marek - Phantoms : 0 - Stars : 1.
2:05 of 1st period - Oskar Back wins face-off versus Reese Johnson in neutral zone.
2:36 of 1st period - Shot by Oskar Back.
2:36 of 1st period - Shot Blocked by Frederic Brunet.
3:02 of 1st period - Mark Rassell is hit by Oskar Back and loses puck.
3:24 of 1st period - Shot by Fredrik Karlstrom.
3:24 of 1st period - Stopped by FarmGoal6 with a rebound.
3:26 of 1st period - Shot by Ville Heinola.
3:26 of 1st period - Stopped by FarmGoal6 without a rebound.
3:27 of 1st period - Ruslan Iskhakov wins face-off versus Carson Golder in Stars zone.
3:27 of 1st period - Ruslan Iskhakov is hit by Chad Nychuk.
3:41 of 1st period - Shot by Vinnie Hinostroza.
3:41 of 1st period - Shot Misses the Net.
3:48 of 1st period - Icing by Simon Lundmark.
3:49 of 1st period - Ruslan Iskhakov wins face-off versus Shawn Element in Phantoms zone.
4:09 of 1st period - Off-side.
4:10 of 1st period - Fredrik Karlstrom wins face-off versus Reese Johnson in neutral zone.
4:25 of 1st period - Icing by Chad Nychuk.
4:26 of 1st period - Justin Kirkland wins face-off versus Reese Johnson in Stars zone.
4:27 of 1st period - Shot by Matej Blumel.
4:27 of 1st period - Shot Misses the Net.
6:04 of 1st period - Icing by Shawn Element.
6:05 of 1st period - Carson Golder wins face-off versus Oskar Back in Stars zone.
6:17 of 1st period - Icing by Reilly Walsh.
6:18 of 1st period - Oskar Back wins face-off versus Luke Philp in Phantoms zone.
6:20 of 1st period - Reilly Walsh is hit by Mark Rassell and loses puck.
6:31 of 1st period - Shot by Oskar Back.
6:31 of 1st period - Stopped by FarmGoal6 with a rebound.
6:40 of 1st period - Minor Penalty to Frederic Brunet for Delaying the game.
6:41 of 1st period - Ruslan Iskhakov wins face-off versus Bradley Marek in Stars zone.
7:00 of 1st period - Shot by Ruslan Iskhakov.
7:00 of 1st period - Stopped by FarmGoal6 with a rebound.
8:14 of 1st period - Off-side.
8:15 of 1st period - Farm Player 11 wins face-off versus Oskar Back in neutral zone.
8:48 of 1st period - Shot by Ruslan Iskhakov.
8:48 of 1st period - Deflect By Matej Blumel.
8:48 of 1st period - Stopped by FarmGoal6 with a rebound.
8:50 of 1st period - Shot by Justin Kirkland.
8:50 of 1st period - Shot Misses the Net.
8:52 of 1st period - Shot by Matej Blumel.
8:52 of 1st period - Shot Misses the Net.
9:34 of 1st period - Off-side.
9:35 of 1st period - Fredrik Karlstrom wins face-off versus Reese Johnson in neutral zone.
9:38 of 1st period - Shot by Matt Rempe.
9:38 of 1st period - Shot Hit the Post.
9:44 of 1st period - Fredrik Karlstrom is hit by Reese Johnson.
10:50 of 1st period - Vinnie Hinostroza is hit by Simon Lundmark and loses puck.
11:15 of 1st period - Shot by Matej Blumel.
11:15 of 1st period - Shot Misses the Net.
11:17 of 1st period - Shot by Reilly Walsh.
11:17 of 1st period - Shot Misses the Net.
11:58 of 1st period - Shot by Ruslan Iskhakov.
11:58 of 1st period - Shot Misses the Net.
12:36 of 1st period - Shot by Matej Blumel.
12:36 of 1st period - Shot Misses the Net.
12:42 of 1st period - Shot by Mark Rassell.
12:42 of 1st period - Stopped by Matt Villalta without a rebound.
12:43 of 1st period - Ruslan Iskhakov wins face-off versus Reese Johnson in Phantoms zone.
12:43 of 1st period - Ruslan Iskhakov is hit by Reese Johnson.
12:52 of 1st period - Dryden Hunt is hit by Tobie Bisson and loses puck.
14:00 of 1st period - Icing by Simon Lundmark.
14:01 of 1st period - Reese Johnson wins face-off versus Oskar Back in Phantoms zone.
15:06 of 1st period - Shot by Dryden Hunt.
15:06 of 1st period - Shot Blocked by Cody Haiskanen.
15:08 of 1st period - Shot by Dryden Hunt.
15:08 of 1st period - Stopped by FarmGoal6 with a rebound.
15:14 of 1st period - Shot by Ville Heinola.
15:14 of 1st period - Shot Misses the Net.
15:16 of 1st period - Shot by Jansen Harkins.
15:16 of 1st period - Shot Misses the Net.
15:18 of 1st period - Shot by Jonathan Aspirot.
15:18 of 1st period - Stopped by FarmGoal6 with a rebound.
15:24 of 1st period - Shot by Ruslan Iskhakov.
15:24 of 1st period - Shot Misses the Net.
15:46 of 1st period - Shot by Fredrik Karlstrom.
15:46 of 1st period - Deflect By Justin Bailey.
15:46 of 1st period - Shot Misses the Net.
15:48 of 1st period - Shot by Justin Bailey.
15:48 of 1st period - Goal by Justin Bailey - Phantoms : 1 - Stars : 1.
15:49 of 1st period - Reese Johnson wins face-off versus Oskar Back in neutral zone.
15:51 of 1st period - Brett Murray is hit by Oskar Back and loses puck.
15:58 of 1st period - Shot by Brett Murray.
15:58 of 1st period - Goal by Brett Murray - Phantoms : 1 - Stars : 2.
15:59 of 1st period - Reese Johnson wins face-off versus Oskar Back in neutral zone.
16:10 of 1st period - Shot by Reese Johnson.
16:10 of 1st period - Shot Misses the Net.
16:12 of 1st period - Shot by Reese Johnson.
16:12 of 1st period - Stopped by Matt Villalta without a rebound.
16:13 of 1st period - Carson Golder wins face-off versus Matt Rempe in Phantoms zone.
16:29 of 1st period - Shot by Brandon Duhaime.
16:29 of 1st period - Shot Misses the Net.
16:31 of 1st period - Shot by Brandon Duhaime.
16:31 of 1st period - Shot Misses the Net.
17:11 of 1st period - Shot by Ville Heinola.
17:11 of 1st period - Stopped by FarmGoal6 with a rebound.
17:13 of 1st period - Shot by Ville Heinola.
17:13 of 1st period - Stopped by FarmGoal6 without a rebound.
17:14 of 1st period - Frederic Brunet wins face-off versus Oskar Back in Stars zone.
17:38 of 1st period - Justin Kirkland is hit by Shawn Element and loses puck.
17:56 of 1st period - Icing by Shawn Element.
17:57 of 1st period - Ruslan Iskhakov wins face-off versus Frederic Brunet in Stars zone.
18:04 of 1st period - Shot by Dryden Hunt.
18:04 of 1st period - Stopped by FarmGoal6 without a rebound.
18:05 of 1st period - Ruslan Iskhakov wins face-off versus Reese Johnson in Stars zone.
18:06 of 1st period - Shot by Jansen Harkins.
18:06 of 1st period - Shot Misses the Net.
18:20 of 1st period - Shot by Reese Johnson.
18:20 of 1st period - Shot Misses the Net.
18:22 of 1st period - Shot by Brett Murray.
18:22 of 1st period - Goal by Brett Murray - Phantoms : 1 - Stars : 3.
18:23 of 1st period - Fredrik Karlstrom wins face-off versus Bradley Marek in neutral zone.
19:12 of 1st period - Icing by Chad Nychuk.
19:13 of 1st period - Ruslan Iskhakov wins face-off versus Carson Golder in Stars zone.
19:13 of 1st period - Ruslan Iskhakov is hit by Chad Nychuk.
19:59 of 1st period - Icing by Brett Murray.
Goals for this period are 1 for Phantoms vs 3 for Stars.
Shots for this period are 12 for Phantoms vs 5 for Stars.
2nd period
0:01 of 2nd period - Matt Rempe wins face-off versus Shawn Element in neutral zone.
0:01 of 2nd period - Matt Rempe is hit by Bradley Marek.
0:24 of 2nd period - Brandon Duhaime is hit by Reilly Walsh.
0:25 of 2nd period - Minor Penalty to Robert Hagg for Roughing.
0:26 of 2nd period - Reese Johnson wins face-off versus Oskar Back in Phantoms zone.
1:25 of 2nd period - Shot by Frederic Brunet.
1:25 of 2nd period - Stopped by Matt Villalta without a rebound.
1:26 of 2nd period - Oskar Back wins face-off versus Reese Johnson in Phantoms zone.
1:26 of 2nd period - Oskar Back is hit by Reese Johnson.
1:46 of 2nd period - Shot by Reese Johnson.
1:46 of 2nd period - Deflect By Brandon Duhaime.
1:46 of 2nd period - Shot Blocked by Leon Gawanke.
1:48 of 2nd period - Shot by Cody Haiskanen.
1:48 of 2nd period - Stopped by Matt Villalta with a rebound.
2:41 of 2nd period - Shot by Luke Philp.
2:41 of 2nd period - Goal by Luke Philp - Phantoms : 1 - Stars : 4.
2:41 of 2nd period - FarmGoal5 enters game.
2:42 of 2nd period - Luke Philp wins face-off versus Oskar Back in neutral zone.
2:42 of 2nd period - Luke Philp is hit by Oskar Back.
2:46 of 2nd period - Shot by Luke Philp.
2:46 of 2nd period - Shot Blocked by Ville Heinola.
2:54 of 2nd period - Shot by Matej Blumel.
2:54 of 2nd period - Goal by Matej Blumel - Phantoms : 2 - Stars : 4.
2:55 of 2nd period - Matt Rempe wins face-off versus Carson Golder in neutral zone.
2:55 of 2nd period - Matt Rempe is hit by Grant Cruikshank.
3:16 of 2nd period - Minor Penalty to Matt Rempe for Roughing.
3:17 of 2nd period - Carson Golder wins face-off versus Oskar Back in Phantoms zone.
3:17 of 2nd period - Frederic Brunet is hit by Robert Hagg and loses puck.
3:37 of 2nd period - Minor Penalty to Robert Hagg for Boarding.
3:38 of 2nd period - Fredrik Karlstrom wins face-off versus Reese Johnson in Phantoms zone.
4:26 of 2nd period - Shot by Bradley Marek.
4:26 of 2nd period - Shot Misses the Net.
4:28 of 2nd period - Shot by Bradley Marek.
4:28 of 2nd period - Stopped by FarmGoal5 without a rebound.
4:29 of 2nd period - Fredrik Karlstrom wins face-off versus Carson Golder in Phantoms zone.
4:38 of 2nd period - Icing by Frederic Brunet.
4:39 of 2nd period - Fredrik Karlstrom wins face-off versus Bradley Marek in Stars zone.
6:06 of 2nd period - Shot by Reese Johnson.
6:06 of 2nd period - Shot Blocked by Jonathan Aspirot.
6:15 of 2nd period - Icing by Reese Johnson.
6:16 of 2nd period - Reese Johnson wins face-off versus Oskar Back in Stars zone.
6:16 of 2nd period - Reese Johnson is hit by Justin Kirkland.
7:12 of 2nd period - Shot by Matt Rempe.
7:12 of 2nd period - Shot Misses the Net.
7:32 of 2nd period - Shot by Fredrik Karlstrom.
7:32 of 2nd period - Shot Misses the Net.
8:03 of 2nd period - Shot by Jansen Harkins.
8:03 of 2nd period - Stopped by FarmGoal6 without a rebound.
8:04 of 2nd period - Oskar Back wins face-off versus Luke Philp in Stars zone.
8:24 of 2nd period - Vinnie Hinostroza is hit by Leon Gawanke and loses puck.
8:27 of 2nd period - Shot by Luke Philp.
8:27 of 2nd period - Shot Misses the Net.
8:29 of 2nd period - Shot by Luke Philp.
8:29 of 2nd period - Stopped by FarmGoal5 with a rebound.
8:34 of 2nd period - Mark Rassell is hit by Simon Lundmark and loses puck.
8:42 of 2nd period - Icing by Leon Gawanke.
8:43 of 2nd period - Oskar Back wins face-off versus Grant Cruikshank in Phantoms zone.
8:59 of 2nd period - Shawn Element is hit by Simon Lundmark and loses puck.
9:07 of 2nd period - Brandon Duhaime is hit by Leon Gawanke and loses puck.
9:22 of 2nd period - Shot by Brandon Duhaime.
9:22 of 2nd period - Stopped by FarmGoal5 with a rebound.
9:32 of 2nd period - Brandon Duhaime is hit by Simon Lundmark and loses puck.
9:49 of 2nd period - Matej Blumel is hit by Brandon Duhaime and loses puck.
10:00 of 2nd period - Shot by Reese Johnson.
10:00 of 2nd period - Shot Blocked by Matej Blumel.
10:01 of 2nd period - Minor Penalty to Leon Gawanke for Hooking.
10:02 of 2nd period - Farm Player 11 wins face-off versus Matt Rempe in Phantoms zone.
10:07 of 2nd period - Shot by Tobie Bisson.
10:07 of 2nd period - Stopped by FarmGoal5 with a rebound.
10:09 of 2nd period - Shot by Chad Nychuk.
10:09 of 2nd period - Shot Misses the Net.
10:11 of 2nd period - Shot by Bradley Marek.
10:11 of 2nd period - Stopped by FarmGoal5 without a rebound.
10:12 of 2nd period - Matt Rempe wins face-off versus Reese Johnson in Phantoms zone.
10:23 of 2nd period - Shot by Tobie Bisson.
10:23 of 2nd period - Stopped by FarmGoal5 with a rebound.
11:06 of 2nd period - Shot by Bradley Marek.
11:06 of 2nd period - Stopped by FarmGoal5 without a rebound.
11:07 of 2nd period - Bradley Marek wins face-off versus Ruslan Iskhakov in Phantoms zone.
11:20 of 2nd period - Shot by Carson Golder.
11:20 of 2nd period - Stopped by FarmGoal5 with a rebound.
11:30 of 2nd period - Shot by Carson Golder.
11:30 of 2nd period - Stopped by FarmGoal5 with a rebound.
12:03 of 2nd period - Off-side.
12:04 of 2nd period - Matt Rempe wins face-off versus Luke Philp in neutral zone.
12:34 of 2nd period - Ville Heinola is hit by Mark Rassell and loses puck.
12:42 of 2nd period - Icing by Jonathan Aspirot.
12:43 of 2nd period - Matt Rempe wins face-off versus Reese Johnson in Phantoms zone.
12:43 of 2nd period - Matt Rempe is hit by Reese Johnson.
13:47 of 2nd period - Frederic Brunet is hit by Matt Rempe and loses puck.
14:12 of 2nd period - Icing by Tobie Bisson.
14:13 of 2nd period - Oskar Back wins face-off versus Carson Golder in Stars zone.
14:51 of 2nd period - Minor Penalty to Justin Kirkland for Tripping.
14:52 of 2nd period - Reese Johnson wins face-off versus Oskar Back in Phantoms zone.
14:52 of 2nd period - Frederic Brunet is hit by Simon Lundmark and loses puck.
15:03 of 2nd period - Shot by Grant Cruikshank.
15:03 of 2nd period - Stopped by FarmGoal5 with a rebound.
15:13 of 2nd period - Shot by Grant Cruikshank.
15:13 of 2nd period - Stopped by FarmGoal5 with a rebound.
15:15 of 2nd period - Shot by Reese Johnson.
15:15 of 2nd period - Shot Blocked by Leon Gawanke.
15:16 of 2nd period - Minor Penalty to Simon Lundmark for Slashing.
15:17 of 2nd period - Fredrik Karlstrom wins face-off versus Farm Player 11 in Phantoms zone.
15:17 of 2nd period - Fredrik Karlstrom is hit by Bradley Marek.
15:42 of 2nd period - Icing by Shawn Element.
15:43 of 2nd period - Bradley Marek wins face-off versus Fredrik Karlstrom in Stars zone.
16:39 of 2nd period - Icing by Tobie Bisson.
16:40 of 2nd period - Carson Golder wins face-off versus Fredrik Karlstrom in Stars zone.
18:23 of 2nd period - Bokondji Imama is hit by Reese Johnson and loses puck.
18:51 of 2nd period - Mark Rassell is hit by Simon Lundmark and loses puck.
19:01 of 2nd period - Justin Kirkland is hit by Farm Player 109.
19:04 of 2nd period - Minor Penalty to Tobie Bisson for Slashing.
19:05 of 2nd period - Shawn Element wins face-off versus Ruslan Iskhakov in Stars zone.
19:05 of 2nd period - Shawn Element is hit by Matt Rempe.
19:15 of 2nd period - Shot by Reese Johnson.
19:15 of 2nd period - Deflect By Shawn Element.
19:15 of 2nd period - Shot Blocked by Leon Gawanke.
19:29 of 2nd period - Shot by Simon Lundmark.
19:29 of 2nd period - Stopped by FarmGoal6 without a rebound.
19:30 of 2nd period - Bradley Marek wins face-off versus Oskar Back in Stars zone.
19:36 of 2nd period - Icing by Robert Hagg.
19:37 of 2nd period - Bradley Marek wins face-off versus Oskar Back in Phantoms zone.
19:38 of 2nd period - Shot by Reese Johnson.
19:38 of 2nd period - Shot Misses the Net.
Goals for this period are 1 for Phantoms vs 1 for Stars.
Shots for this period are 3 for Phantoms vs 14 for Stars.
3rd period
0:01 of 3rd period - Oskar Back wins face-off versus Bradley Marek in neutral zone.
1:10 of 3rd period - Shot by Brandon Duhaime.
1:10 of 3rd period - Shot Blocked by Jonathan Aspirot.
1:34 of 3rd period - Minor Penalty to Ville Heinola for Tripping.
1:35 of 3rd period - Matt Rempe wins face-off versus Shawn Element in Phantoms zone.
1:35 of 3rd period - Matt Rempe is hit by Bradley Marek.
1:53 of 3rd period - Shot by Cody Haiskanen.
1:53 of 3rd period - Stopped by FarmGoal5 with a rebound.
2:08 of 3rd period - Icing by Chad Nychuk.
2:09 of 3rd period - Carson Golder wins face-off versus Fredrik Karlstrom in Stars zone.
2:09 of 3rd period - Carson Golder is hit by Fredrik Karlstrom.
2:48 of 3rd period - Shot by Tobie Bisson.
2:48 of 3rd period - Shot Misses the Net.
2:50 of 3rd period - Shot by Reese Johnson.
2:50 of 3rd period - Shot Blocked by Robert Hagg.
2:55 of 3rd period - Shot by Reese Johnson.
2:55 of 3rd period - Stopped by FarmGoal5 without a rebound.
2:56 of 3rd period - Oskar Back wins face-off versus Reese Johnson in Phantoms zone.
3:52 of 3rd period - Shot by Jansen Harkins.
3:52 of 3rd period - Shot Misses the Net.
3:56 of 3rd period - Shot by Jansen Harkins.
3:56 of 3rd period - Shot Misses the Net.
4:02 of 3rd period - Shot by Jansen Harkins.
4:02 of 3rd period - Stopped by FarmGoal6 without a rebound.
4:03 of 3rd period - Oskar Back wins face-off versus Luke Philp in Stars zone.
4:20 of 3rd period - Shot by Bradley Marek.
4:20 of 3rd period - Shot Misses the Net.
4:22 of 3rd period - Shot by Bradley Marek.
4:22 of 3rd period - Shot Misses the Net.
4:24 of 3rd period - Shot by Shawn Element.
4:24 of 3rd period - Stopped by FarmGoal5 with a rebound.
4:26 of 3rd period - Shot by Shawn Element.
4:26 of 3rd period - Deflect By Luke Philp.
4:26 of 3rd period - Goal by Luke Philp - Phantoms : 2 - Stars : 5.
4:27 of 3rd period - Carson Golder wins face-off versus Fredrik Karlstrom in neutral zone.
4:31 of 3rd period - Off-side.
4:32 of 3rd period - Carson Golder wins face-off versus Fredrik Karlstrom in neutral zone.
4:53 of 3rd period - Shot by Vinnie Hinostroza.
4:53 of 3rd period - Stopped by FarmGoal5 without a rebound.
4:53 of 3rd period - Minor Penalty to FarmGoal5 for Slashing.
4:54 of 3rd period - Oskar Back wins face-off versus Reese Johnson in Phantoms zone.
5:13 of 3rd period - Shot by Reese Johnson.
5:13 of 3rd period - Shot Blocked by Leon Gawanke.
5:15 of 3rd period - Shot by Cody Haiskanen.
5:15 of 3rd period - Shot Misses the Net.
5:17 of 3rd period - Shot by Brandon Duhaime.
5:17 of 3rd period - Stopped by FarmGoal5 with a rebound.
5:19 of 3rd period - Shot by Cody Haiskanen.
5:19 of 3rd period - Stopped by FarmGoal5 without a rebound.
5:20 of 3rd period - Ruslan Iskhakov wins face-off versus Carson Golder in Phantoms zone.
5:26 of 3rd period - Minor Penalty to Oskar Back for Interference.
5:27 of 3rd period - Carson Golder wins face-off versus Fredrik Karlstrom in Phantoms zone.
5:30 of 3rd period - Shot by Bradley Marek.
5:30 of 3rd period - Shot Misses the Net.
5:32 of 3rd period - Shot by Shawn Element.
5:32 of 3rd period - Shot Misses the Net.
5:34 of 3rd period - Shot by Tobie Bisson.
5:34 of 3rd period - Stopped by FarmGoal5 without a rebound.
5:35 of 3rd period - Fredrik Karlstrom wins face-off versus Carson Golder in Phantoms zone.
7:10 of 3rd period - Off-side.
7:11 of 3rd period - Reese Johnson wins face-off versus Matt Rempe in neutral zone.
7:19 of 3rd period - Shot by Reese Johnson.
7:19 of 3rd period - Shot Misses the Net.
7:21 of 3rd period - Shot by Grant Cruikshank.
7:21 of 3rd period - Stopped by FarmGoal5 without a rebound.
7:22 of 3rd period - Ruslan Iskhakov wins face-off versus Grant Cruikshank in Phantoms zone.
7:22 of 3rd period - Ruslan Iskhakov is hit by Bradley Marek.
8:18 of 3rd period - Shot by Jansen Harkins.
8:18 of 3rd period - Stopped by FarmGoal6 with a rebound.
8:31 of 3rd period - Shot by Jansen Harkins.
8:31 of 3rd period - Stopped by FarmGoal6 with a rebound.
8:46 of 3rd period - Off-side.
8:47 of 3rd period - Carson Golder wins face-off versus Fredrik Karlstrom in neutral zone.
8:47 of 3rd period - Carson Golder is hit by Matt Rempe.
9:31 of 3rd period - Off-side.
9:32 of 3rd period - Oskar Back wins face-off versus Luke Philp in neutral zone.
9:46 of 3rd period - Shot by Matej Blumel.
9:46 of 3rd period - Stopped by FarmGoal6 without a rebound.
9:47 of 3rd period - Ruslan Iskhakov wins face-off versus Bradley Marek in Stars zone.
9:49 of 3rd period - Minor Penalty to Shawn Element for Tripping.
9:50 of 3rd period - Bradley Marek wins face-off versus Oskar Back in Stars zone.
9:50 of 3rd period - Bradley Marek is hit by Dryden Hunt.
10:19 of 3rd period - Off-side.
10:20 of 3rd period - Bradley Marek wins face-off versus Ruslan Iskhakov in neutral zone.
10:49 of 3rd period - Shot by Simon Lundmark.
10:49 of 3rd period - Shot Blocked by Frederic Brunet.
11:12 of 3rd period - Icing by Dryden Hunt.
11:13 of 3rd period - Oskar Back wins face-off versus Farm Player 109 in Phantoms zone.
11:34 of 3rd period - Shot by Dryden Hunt.
11:34 of 3rd period - Stopped by FarmGoal6 without a rebound.
11:35 of 3rd period - Farm Player 11 wins face-off versus Oskar Back in Stars zone.
11:41 of 3rd period - Icing by Leon Gawanke.
11:42 of 3rd period - Oskar Back wins face-off versus Bradley Marek in Phantoms zone.
11:42 of 3rd period - Oskar Back is hit by Reese Johnson.
11:53 of 3rd period - Icing by Carson Golder.
11:54 of 3rd period - Oskar Back wins face-off versus Carson Golder in Stars zone.
11:57 of 3rd period - Shot by Matej Blumel.
11:57 of 3rd period - Deflect By Justin Kirkland.
11:57 of 3rd period - Goal by Justin Kirkland - Phantoms : 3 - Stars : 5.
11:58 of 3rd period - Ruslan Iskhakov wins face-off versus Carson Golder in neutral zone.
12:18 of 3rd period - Shot by Ruslan Iskhakov.
12:18 of 3rd period - Shot Misses the Net.
12:52 of 3rd period - Shot by Oskar Back.
12:52 of 3rd period - Stopped by FarmGoal6 with a rebound.
12:58 of 3rd period - Shot by Justin Kirkland.
12:58 of 3rd period - Shot Misses the Net.
13:00 of 3rd period - Shot by Oskar Back.
13:00 of 3rd period - Goal by Oskar Back - Phantoms : 4 - Stars : 5.
13:01 of 3rd period - Luke Philp wins face-off versus Fredrik Karlstrom in neutral zone.
13:04 of 3rd period - Matt Rempe is hit by Bradley Marek and loses puck.
13:23 of 3rd period - Shot by Luke Philp.
13:23 of 3rd period - Shot Misses the Net.
13:47 of 3rd period - Oskar Back is hit by Mark Rassell and loses puck.
13:57 of 3rd period - Shot by Justin Kirkland.
13:57 of 3rd period - Deflect By Oskar Back.
13:57 of 3rd period - Shot Misses the Net.
14:05 of 3rd period - Shot by Justin Kirkland.
14:05 of 3rd period - Deflect By Matej Blumel.
14:05 of 3rd period - Stopped by FarmGoal6 without a rebound.
14:06 of 3rd period - Ruslan Iskhakov wins face-off versus Reese Johnson in Stars zone.
14:06 of 3rd period - Ruslan Iskhakov is hit by Frederic Brunet.
14:07 of 3rd period - Minor Penalty to Tobie Bisson for Roughing.
14:08 of 3rd period - Fredrik Karlstrom wins face-off versus Farm Player 109 in Stars zone.
14:31 of 3rd period - Shot by Reilly Walsh.
14:31 of 3rd period - Stopped by FarmGoal6 with a rebound.
14:33 of 3rd period - Shot by Reilly Walsh.
14:33 of 3rd period - Stopped by FarmGoal6 with a rebound.
14:35 of 3rd period - Shot by Reilly Walsh.
14:35 of 3rd period - Shot Blocked by Frederic Brunet.
14:44 of 3rd period - Icing by Dryden Hunt.
14:45 of 3rd period - Oskar Back wins face-off versus Bradley Marek in Phantoms zone.
15:08 of 3rd period - Shot by Matt Rempe.
15:08 of 3rd period - Shot Misses the Net.
15:56 of 3rd period - Shot by Reilly Walsh.
15:56 of 3rd period - Stopped by FarmGoal6 with a rebound.
16:11 of 3rd period - Shot by Ville Heinola.
16:11 of 3rd period - Stopped by FarmGoal6 with a rebound.
16:31 of 3rd period - Shot by Bradley Marek.
16:31 of 3rd period - Deflect By Brandon Duhaime.
16:31 of 3rd period - Stopped by FarmGoal5 with a rebound.
16:46 of 3rd period - Icing by Frederic Brunet.
16:47 of 3rd period - Shawn Element wins face-off versus Fredrik Karlstrom in Stars zone.
16:59 of 3rd period - Off-side.
17:00 of 3rd period - Oskar Back wins face-off versus Reese Johnson in neutral zone.
17:05 of 3rd period - Shot by Matej Blumel.
17:05 of 3rd period - Stopped by FarmGoal6 with a rebound.
17:08 of 3rd period - Icing by Cody Haiskanen.
17:09 of 3rd period - Matt Rempe wins face-off versus Reese Johnson in Stars zone.
17:14 of 3rd period - Shot by Dryden Hunt.
17:14 of 3rd period - Deflect By Matt Rempe.
17:14 of 3rd period - Shot Misses the Net.
17:19 of 3rd period - Icing by Brett Murray.
17:20 of 3rd period - Reese Johnson wins face-off versus Oskar Back in Stars zone.
17:29 of 3rd period - Shot by Brett Murray.
17:29 of 3rd period - Shot Misses the Net.
17:36 of 3rd period - Shot by Oskar Back.
17:36 of 3rd period - Shot Misses the Net.
17:57 of 3rd period - Icing by Chad Nychuk.
17:58 of 3rd period - Ruslan Iskhakov wins face-off versus Reese Johnson in Stars zone.
18:10 of 3rd period - Off-side.
18:11 of 3rd period - Fredrik Karlstrom wins face-off versus Brandon Duhaime in neutral zone.
18:22 of 3rd period - Off-side.
18:23 of 3rd period - Luke Philp wins face-off versus Ruslan Iskhakov in neutral zone.
18:51 of 3rd period - Icing by Dryden Hunt.
18:52 of 3rd period - Ruslan Iskhakov wins face-off versus Brandon Duhaime in Phantoms zone.
19:16 of 3rd period - Shot by Vinnie Hinostroza.
19:16 of 3rd period - Stopped by FarmGoal5 with a rebound.
19:32 of 3rd period - Phantoms, FarmGoal5 is pulled from the net.
19:57 of 3rd period - Double Minor Penalty to Matej Blumel for Roughing.
19:58 of 3rd period - FarmGoal5 from Phantoms was sent back in the game.
19:58 of 3rd period - Oskar Back wins face-off versus Reese Johnson in Phantoms zone.
Goals for this period are 2 for Phantoms vs 1 for Stars.
Shots for this period are 14 for Phantoms vs 11 for Stars.
Back to the Top